 Dungeon Crawl Stone Soup version 0.30-a0-760-g5a9884bb7c (webtiles) character file.

Game seed: 15515287519041454066

1265 cheesebisquit the Geomancer (level 8, -7/41 HPs)
             Began as a Gargoyle Earth Elementalist on Feb 9, 2023.
             Was an Initiate of Vehumet.
             Killed from afar by a steam dragon (11 damage)
             ... with a ball of steam
             ... on level 5 of the Dungeon on Feb 10, 2023.
             The game lasted 00:15:04 (4936 turns).

cheesebisquit the Geomancer (GrEE)                  Turns: 4936, Time: 00:15:05

Health: -7/41      AC: 12    Str: 12    XL:     8   Next: 52%
Magic:  14/26      EV: 12    Int: 18    God:    Vehumet [......]
Gold:   306        SH:  0    Dex: 10    Spells: 16/20 levels left

rFire   . . .      SeeInvis .    d - +1 club
rCold   . . .      Faith    .    k - orb {light}
rNeg    + . .      Spirit   .    a - +1 robe
rPois   ∞          Reflect  .    (no helmet)
rElec   +          Harm     .    (no cloak)
rCorr   .          Rampage  .    (no gloves)
Will    .....                    (no boots)
Stlth   +                        (no amulet)
HPRegen 0.26/turn                c - +4 ring of protection
MPRegen 0.20/turn                C - ring of magical power

@: very slightly contaminated, glowing
A: sickness immunity, AC +5, negative energy resistance 1, electricity
resistance, torment resistance 1, petrification resistance
a: Renounce Religion


You were on level 5 of the Dungeon.
You worshipped Vehumet.
Vehumet was noncommittal.
You visited 2 branches of the dungeon, and saw 7 of its levels.
You also visited: Sewer.

You collected 306 gold pieces.

Inventory:

Hand Weapons
 d - a +1 club (weapon)
Missiles
 p - 12 atropa-tipped darts
 s - 5 poisoned darts
 z - a throwing net
Armour
 a - a +1 robe (worn)
 k - an orb of light (worn)
Jewellery
 c - a +4 ring of protection (left hand)
 n - a +6 ring of strength
 C - a ring of magical power (right hand)
Scrolls
 l - a scroll of poison
 m - a scroll of teleportation
 o - a scroll of enchant weapon
 q - 2 scrolls of fear
 r - a scroll of fog {unknown}
 u - a scroll of blinking
 y - a scroll of enchant armour
 A - 3 scrolls of silence {unknown}
 B - a scroll of magic mapping {unknown}
 D - a scroll of noise {unknown}
Potions
 b - 2 potions of magic
 e - 2 potions of curing {unknown}
 f - a potion of haste {unknown}
 g - a potion of brilliance {unknown}
 h - 3 potions of might
 i - a potion of heal wounds {unknown}
 j - 2 potions of invisibility {unknown}
 t - a potion of mutation {unknown}
 v - 2 potions of lignification {unknown}
 w - a potion of berserk rage {unknown}
 x - 3 potions of degeneration {unknown}


   Skills:
 - Level 1.7 Dodging
 - Level 2.4 Stealth
 + Level 6.6 Spellcasting
 + Level 0.4 Conjurations
 - Level 1.0 Transmutations
 + Level 9.1 Earth Magic


You had 16 spell levels left.
You knew the following spells:

 Your Spells              Type           Power      Damage    Failure   Level
a - Sandblast             Erth           78%        2d17      1%          1
b - Stone Arrow           Conj/Erth      46%        3d9       4%          3

Your spell library contained the following spells:

 Spells                   Type           Power      Damage    Failure   Level
 Passwall                 Tmut/Erth      20%        N/A       1%          2
 Magic Dart               Conj           28%        1d4       10%         1
 Searing Ray              Conj           14%        2d5       14%         2
 Petrify                  Tmut/Erth      24%        N/A       14%         4
 Inner Flame              Hex/Fire       5%         N/A       34%         3
 Fulminant Prism          Conj/Hex       3%         3d5       71%         4
 Cause Fear               Hex            2%         N/A       75%         4
 Discord                  Hex            2%         N/A       100%        8


Dungeon Overview and Level Annotations

Branches:
Dungeon (6/15)             Temple (1/1) D:5           Sewer (visited)

Altars:
Ashenzari
Cheibriados
Dithmenos
Hepliaklqana
Kikubaaqudgha
Makhleb
Nemelex Xobeh
Okawaru
Qazlal
Ru
Sif Muna
Trog
Uskayaw
Vehumet
Xom
Yredelemnul
Zin
The Shining One


Innate Abilities, Weirdness & Mutations

You are immune to sickness and miasma.
Your stone body is resilient. (AC +5)
You are immune to poison.
You resist negative energy. (rN+)
You are resistant to electric shocks. (rElec)
You are resistant to unholy torment.
You are immune to petrification.


Message History

There is a stone staircase leading up here.
The steam dragon closely misses you. The steam dragon misses you.
You climb upwards.
There is a stone staircase leading down here.
Aiming: Sandblast (safe; 1% risk of failure)
Press: ? - help, Q - select action, (/) - cycle Shift-Dir - straight line, f - steam dragon
Aim: a steam dragon (moderately wounded, haloed, 87% to hit)
The blast of sand hits the steam dragon but does no damage.
The steam dragon is moderately wounded.
The steam dragon bites you.
* * * LOW HITPOINT WARNING * * *
The steam dragon claws you but does no damage.
The steam dragon closely misses you.
The steam dragon claws you but does no damage.
Casting: Sandblast (safe; 1% risk of failure)
Confirm with . or Enter, or press ? or * to list all spells.
Aiming: Stone Arrow (dangerous; 4% risk of failure)
Press: ? - help, Shift-Dir - straight line, f/p - steam dragon
Aim: a steam dragon (moderately wounded, haloed, 81% to hit)
Okay, then.
Okay, then.
Casting: Stone Arrow (dangerous; 4% risk of failure)
Confirm with . or Enter, or press ? or * to list all spells.
Aiming: Stone Arrow (dangerous; 4% risk of failure)
Press: ? - help, Shift-Dir - straight line, f/p - steam dragon
Aim: a steam dragon (moderately wounded, haloed, 81% to hit)
The stone arrow hits the steam dragon.
The steam dragon is heavily wounded.
The steam dragon closely misses you. The steam dragon barely misses you.
Casting: Stone Arrow (dangerous; 4% risk of failure)
Confirm with . or Enter, or press ? or * to list all spells.
Aiming: Stone Arrow (dangerous; 4% risk of failure)
Press: ? - help, Shift-Dir - straight line, f/p - steam dragon
Aim: a steam dragon (heavily wounded, haloed, 81% to hit)
You miscast Stone Arrow.
You are very lightly contaminated with residual magic.
Nothing appears to happen.
The steam dragon breathes steam at you. The ball of steam hits you!
You die...

#..##.##.# #
#..##.##.#
###..##.##.#
..#..##.##.#####
.........#.....##
................##
......).......(..#
#................#
#..............D@#
.................#
.................#
.................#
.##.............##
####...........##
#####.##.....###
..###.#....#.###
#...)..........#


You could see a steam dragon (catching breath).

Vanquished Creatures
  Pikel (D:4)
  Pargi (Sewer)
  A sky beast (D:4)
  A centaur (D:5)
  A lemure (D:4)
  2 scorpions
  A howler monkey (D:4)
  A gnoll bouda (D:4)
  An iguana (D:5)
  4 orc wizards
  3 gnolls (D:4)
  8 adders
  A river rat (D:4)
  3 ufetubi
  2 worms (D:2)
  3 dart slugs
  14 orcs
  9 ball pythons
  5 endoplasms
  8 giant cockroaches
  7 hobgoblins
  6 jackals
  A quokka (D:1)
  6 bats
  13 frilled lizards
  5 goblins
  5 kobolds
  6 rats
119 creatures vanquished.

Notes
Turn   | Place    | Note
-------+----------+-------------------------------------------
     0 | D:1      | cheesebisquit the Gargoyle Earth Elementalist began the
                  | quest for the Orb.
     0 | D:1      | Reached XP level 1. HP: 10/10 MP: 3/3
   441 | D:1      | You fall into a shaft and drop 1 floor!
   482 | D:2      | Reached skill level 1 in Transmutations
   482 | D:2      | Reached XP level 2. HP: 12/15 MP: 0/5
   819 | D:1      | Reached skill level 4 in Earth Magic
  1283 | D:2      | Reached XP level 3. HP: 19/19 MP: 1/6
  1895 | D:3      | Reached XP level 4. HP: 24/24 MP: 4/8
  1978 | D:3      | Learned a level 3 spell: Stone Arrow
  2118 | D:3      | Reached skill level 5 in Earth Magic
  2373 | D:3      | Reached XP level 5. HP: 28/28 MP: 8/10
  2714 | D:4      | Found a glowing drain.
  2718 | Sewer    | Entered a sewer
  2741 | Sewer    | Noticed Pargi
  2746 | Sewer    | Killed Pargi
  2747 | Sewer    | Reached skill level 6 in Earth Magic
  2747 | Sewer    | Reached XP level 6. HP: 25/32 MP: 5/12
  3011 | D:4      | Noticed Pikel
  3033 | D:4      | Noticed a sky beast
  3315 | D:4      | Reached XP level 7. HP: 36/36 MP: 10/14
  3438 | D:4      | Reached skill level 7 in Earth Magic
  3524 | D:4      | Reached skill level 5 in Spellcasting
  3839 | D:4      | Killed Pikel
  3840 | D:4      | Reached skill level 8 in Earth Magic
  3840 | D:4      | Reached XP level 8. HP: 38/41 MP: 10/17
  4061 | D:5      | Entered Level 5 of the Dungeon
  4194 | D:5      | Reached skill level 9 in Earth Magic
  4422 | D:5      | Found a staircase to the Ecumenical Temple.
  4429 | Temple   | Entered the Ecumenical Temple
  4717 | Temple   | Became a worshipper of Vehumet
  4904 | D:5      | Upgraded the game from 0.30-a0-757-ga6a79fd877 to
                  | 0.30-a0-760-g5a9884bb7c
  4936 | D:5      | Killed from afar by a steam dragon

Illustrated notes

Levels and vault maps discovered:
D:1:      lemuel_arrival_broad_hall, layout_loops_corners,
          minmay_misc_feat_nine_boxes
D:2:      layout_basic, minmay_strange_pillars, serial_park_tiny_2,
          ebering_dispersal_statue_hall, minmay_quantized
D:3:      kennysheep_big_flooded_room, layout_rooms
D:4:      nicolae_BIG_FREAKIN_CUBE, layout_cave_pods, gup_sewer_entry_spiral,
          hangedman_feature_mirror, uniq_pikel
D:5:      layout_rooms, minmay_temple_entry_trees
D:6:      layout_rooms, minivault_5, uniq_grinder
Temple:   dpeg_five_rooms_temple

Skill      XL: |  1  2  3  4  5  6  7  8 |
---------------+-------------------------+-----
Transmutations | 1 |  1.0
Earth Magic    | 4 5 6 8 9 |  9.1
Spellcasting   | 3 4 6 |  6.6
Dodging        | |  1.7
Stealth        | |  2.4
Conjurations   | |  0.4

Action                     |  1- 3 |  4- 6 |  7- 9 || total
---------------------------+-------+-------+-------++-------
  Melee: Club              |    13 |     7 |     1 ||    21
         Unarmed           |     1 |       |       ||     1
   Cast: Sandblast         |    64 |    95 |    41 ||   200
         Stone Arrow       |       |       |     1 ||     1
    Use: Scroll            |       |     7 |     2 ||     9
 Armour: Robe              |    13 |    22 |    12 ||    47
  Dodge: Dodged            |    30 |    46 |    25 ||   101

Table legend: (Time is in decaauts)
 A = Elapsed time spent in this place.
 B = Non-inter-level travel time spent in this place.
 C = Inter-level travel time spent in this place.
 D = Time resting spent in this place.
 E = Time spent auto-exploring this place.
 F = Levels seen in this place.
 G = Mean time per level.
                   A        B        C        D        E       F      G
               +--------+--------+--------+--------+--------+-----+--------+
         Total |   5122 |   4911 |    211 |     78 |   4000 |   8 |  640.2 |
       Dungeon |   4522 |   4389 |    133 |     78 |   3555 |   6 |  753.7 |
        Temple |    338 |    260 |     78 |      0 |    248 |   1 |  338.0 |
         Sewer |    260 |    260 |      0 |      0 |    196 |   1 |  260.0 |
               +--------+--------+--------+--------+--------+-----+--------+

Top non-repeatable levels by time:
     D:4: 1205 daAuts
     D:1: 1055 daAuts
     D:2: 867 daAuts
     D:3: 844 daAuts
     D:5: 531 daAuts
  Temple: 338 daAuts
   Sewer: 260 daAuts
     D:6: 18 daAuts
